 Dungeon Crawl Stone Soup version 0.29-a0-221-gceb61267dd (webtiles) character file.

Game seed: 16662091759226710672

1521 dolemite99 the Archer (level 8, -2/62 HPs)
             Began as a Minotaur Hunter on Feb 27, 2022.
             Was an Initiate of Makhleb.
             Succumbed to a hornet's poison
             ... on level 7 of the Dungeon.
             The game lasted 00:08:12 (9476 turns).

dolemite99 the Archer (Minotaur Hunter)             Turns: 9476, Time: 00:08:12

Health: -2/62      AC:  8    Str: 18    XL:     8   Next: 54%
Magic:  7/7        EV:  7    Int:  8    God:    Makhleb [......]
Gold:   447        SH:  0    Dex: 12    Spells: 7/7 levels left

rFire   . . .      SeeInvis .   a - +1 shortbow
rCold   . . .      Faith    .   (shield currently unavailable)
rNeg    . . .      Spirit   .   g - +0 chain mail
rPois   .          Reflect  .   (helmet restricted)
rElec   .          Harm     .   (no cloak)
rCorr   .          Rampage  .   (no gloves)
Will    .....                   (no boots)
Stlth   ..........              (no amulet)
HPRegen 0.20/turn               (no ring)
MPRegen 0.10/turn               (no ring)

@: lethally poisoned (-2 -> -21), slowed, very slow
A: horns 2, retaliatory headbutt
a: Renounce Religion


You were on level 7 of the Dungeon.
You worshipped Makhleb.
Makhleb was noncommittal.
You visited 1 branch of the dungeon, and saw 7 of its levels.

You collected 447 gold pieces.

Inventory:

Hand Weapons
 a - a +1 shortbow (weapon)
 b - a +2 halberd of venom
 j - a +0 halberd
 o - a +0 war axe
 v - a +2 halberd of protection
Missiles
 p - 8 poisoned darts
 q - 43 stones
Armour
 e - a +0 ring mail
 g - a +0 chain mail (worn)
 k - a +0 leather armour
 r - a +0 chain mail
 s - a +0 scale mail
Magical Staves
 B - a staff of poison
Jewellery
 w - a +6 ring of strength
Wands
 l - a wand of paralysis (7)
Scrolls
 n - 3 scrolls of vulnerability
 t - a scroll of fog {unknown}
 u - 2 scrolls of teleportation {unknown}
 x - 2 scrolls of fear {unknown}
 y - a scroll of holy word {unknown}
Potions
 c - 2 potions of lignification {unknown}
 d - 2 potions of haste {unknown}
 f - 3 potions of curing {unknown}
 h - 2 potions of brilliance
 m - a potion of cancellation {unknown}
 z - a potion of magic {unknown}


   Skills:
 - Level 2.4 Fighting
 + Level 7.6 Polearms
 - Level 10.3 Bows
 - Level 2.1 Dodging
 - Level 0.7 Stealth


You had 7 spell levels left.
You didn't know any spells.
Your spell library contained the following spells:

 Spells                   Type           Power      Damage    Failure   Level
 Apportation              Tloc           0%         N/A       100%        1
 Beastly Appendage        Tmut           0%         N/A       100%        1
 Shock                    Conj/Air       0%         1d3       100%        1
 Corpse Rot               Necr/Air       0%         N/A       100%        2
 Poisonous Vapours        Pois/Air       0%         N/A       100%        2
 Wereblood                Tmut           0%         N/A       100%        2
 Gell's Gravitas          Tloc           0%         N/A       100%        3
 Ignite Poison            Fire/Tmut/Pois 0%         N/A       100%        3
 Lesser Beckoning         Tloc           0%         N/A       100%        3
 Mephitic Cloud           Conj/Pois/Air  0%         N/A       100%        3
 Portal Projectile        Hex/Tloc       0%         N/A       100%        3
 Spider Form              Tmut/Pois      0%         N/A       100%        3
 Stone Arrow              Conj/Erth      0%         3d7       100%        3
 Teleport Other           Tloc           0%         N/A       100%        3
 Animate Armour           Summ/Erth      0%         N/A       100%        4
 Conjure Ball Lightning   Conj/Air       0%         3x3d6     100%        6
 Dragon Form              Tmut           0%         N/A       100%        7
 Haunt                    Necr/Summ      0%         N/A       100%        7
 Lehudib's Crystal Spear  Conj/Erth      0%         10d2      100%        8


Dungeon Overview and Level Annotations

Branches:
Dungeon (7/15)
 Temple: D:4-7

Altars:
Ashenzari
Makhleb
Wu Jian

Annotations:
D:6 Sigmund
D:7 Menkaure


Innate Abilities, Weirdness & Mutations

You have a pair of horns on your head.
You reflexively headbutt those who attack you in melee.


Message History

The hornet is moderately wounded.
You feel extremely sick.
The hornet stings you but does no damage.
The hornet stings you!
You are more poisoned.
You feel as though you will be slow longer.
The goblin hits you but does no damage. The hornet stings you!
You feel as though you will be slow longer.
The goblin hits you but does no damage.
Okay, then.
You feel much better.
You feel extremely sick.
The hornet stings you but does no damage.
The goblin hits you but does no damage.
The hornet stings you but does no damage.
The goblin hits you from afar with a +0 spear.
The goblin barely misses you. The hornet completely misses you.
As you read the scroll labelled JUMASTICIE, it crumbles to dust.
You hear a loud clanging noise!
It was a scroll of noise.
You feel very sick.
You hear an angry hiss.
You hear a shout! x2; You hear two shouts!
The hornet stings you.
You are more poisoned.
You feel as though you will be slow longer.
The goblin closely misses you. The goblin hits you but does no damage.
The hornet stings you!
* * * LOW HITPOINT WARNING * * *
You suddenly lose the ability to move!
The goblin completely misses you.
You hear the faint creaking of a portcullis very nearby.
* * * LOW HITPOINT WARNING * * *
You feel very sick.
The goblin hits you from afar with a +0 spear.
* * * LOW HITPOINT WARNING * * *
The hornet barely misses you.
Menkaure, Prince of Dust comes into view.
The goblin hits you from afar with a +0 spear.
* * * LOW HITPOINT WARNING * * *
You can move again.
You die...

....## .....####.
#.....#.M. .
#........ .. # ...
#...... #.. ..
#..###....# #... ...
#.......# #..# ...
#...@..###..# ...
#..y#...#..# ..#
....#gg##....# #.##
.....g# ##...# ..# .
.... ##.## ##.#
...... ##...######.#
..... #........#..#
...........####.....#
....... ####..## #


You could see a hornet, Menkaure and 3 goblins.

Vanquished Creatures
  Grinder (D:5)
  A sky beast (D:5)
  2 black bears
  An orc warrior (D:6)
  A necrophage (D:6)
  A centaur (D:6)
  2 scorpions (D:6)
  Blork the orc (D:6)
  A howler monkey (D:7)
  A gnoll shaman (D:3)
  2 orc priests
  2 hounds
  Jessica (D:3)
  4 iguanas
  3 orc wizards
  11 gnolls
  4 adders
  An ufetubus (D:5)
  A worm (D:2)
  2 dart slugs
  13 orcs
  3 bats
  4 endoplasms
  A giant cockroach (D:2)
  6 hobgoblins
  4 jackals (D:3)
  7 ball pythons
  6 frilled lizards
  8 goblins
  4 kobolds
  3 rats
102 creatures vanquished.

Notes
Turn   | Place    | Note
-------+----------+-------------------------------------------
     0 | D:1      | dolemite99 the Minotaur Hunter began the quest for the Orb.
     0 | D:1      | Reached XP level 1. HP: 18/18 MP: 0/0
   122 | D:1      | Got the Tome of Cloudy Calling
   243 | D:1      | Reached XP level 2. HP: 22/25 MP: 1/1
   403 | D:1      | Reached skill level 5 in Bows
   965 | D:1      | Reached XP level 3. HP: 25/30 MP: 2/2
  1845 | D:2      | Reached skill level 6 in Bows
  2205 | D:2      | Identified the +3 leather armour "Wiweridarch" {+Inv rElec
                  | rC++ Str-2}
  2214 | D:2      | Reached XP level 4. HP: 37/37 MP: 3/3
  3617 | D:3      | Reached skill level 7 in Bows
  3617 | D:3      | Reached XP level 5. HP: 37/42 MP: 4/4
  3667 | D:3      | Got Kimawkenga's Incunabulum of the Shifting Voyage
  3743 | D:3      | Found an ornate altar of the Wu Jian Council.
  3795 | D:3      | Found a faded altar of an unknown god.
  3799 | D:3      | Found a burning altar of Makhleb.
  3902 | D:3      | Noticed Jessica
  3904 | D:3      | Killed Jessica
  4098 | D:3      | Found a faded altar of an unknown god.
  5095 | D:3      | Reached skill level 8 in Bows
  5792 | D:3      | Became a worshipper of Makhleb the Destroyer
  5811 | D:3      | Reached XP level 6. HP: 46/50 MP: 5/5
  6706 | D:5      | Entered Level 5 of the Dungeon
  6753 | D:5      | Noticed Grinder
  6761 | D:5      | Reached skill level 1 in Polearms
  6767 | D:5      | Killed Grinder
  6768 | D:5      | Reached XP level 7. HP: 56/56 MP: 6/6
  7443 | D:5      | Reached skill level 9 in Bows
  7529 | D:6      | Noticed Sigmund
  7971 | D:6      | Noticed Blork the orc
  7978 | D:6      | Killed Blork the orc
  7979 | D:6      | Reached skill level 10 in Bows
  8342 | D:6      | Reached XP level 8. HP: 60/62 MP: 7/7
  8589 | D:6      | Reached skill level 5 in Polearms
  8782 | D:6      | Got the Catalogue of the Birds
  8976 | D:6      | Found a broken altar of Ashenzari.
  9459 | D:7      | Noticed a hornet
  9474 | D:7      | Paralysed by a hornet for 2 turns
  9475 | D:7      | Noticed Menkaure
  9476 | D:7      | Succumbed to a hornet's poison

Illustrated notes

Levels and vault maps discovered:
D:1:      nzn_arrival_crosshair, layout_basic, minmay_split_cup_large
D:2:      layout_rooms
D:3:      layout_basic, nicolae_overflow_ecumenical_swirl,
          nicolae_wu_jian_immortal_techniques,
          dreamdust_ecumenical_altar_angels_and_demons, minmay_quantized,
          uniq_jessica
D:4:      layout_basic
D:5:      layout_rooms, uniq_grinder
D:6:      layout_basic, nicolae_ashenzari_panopticon, hex_intersection,
          uniq_blork_the_orc, uniq_sigmund
D:7:      layout_layer_cave, nicolae_ru_the_path_less_chosen,
          jmf_multi_god_temple2, minmay_temple_entry_antechambers,
          enter_bailey_3, hangedman_abyss_or_decor_passed, uniq_harold,
          uniq_menkaure

Skill      XL: |  1  2  3  4  5  6  7  8 |
---------------+-------------------------+-----
Bows           | 5 6 7 8 10 | 10.3
Polearms       | 4 7 |  7.6
Fighting       | |  2.4
Dodging        | |  2.1
Stealth        | |  0.7

Action                   |  1- 3 |  4- 6 |  7- 9 || total
-------------------------+-------+-------+-------++-------
Melee: Halberd           |       |    16 |    59 ||    75
       Headbutt          |       |     4 |    12 ||    16
 Fire: Shortbow          |   101 |   125 |    77 ||   303
Evoke: Wand              |       |     7 |     1 ||     8
  Use: Scroll            |       |     5 |     1 ||     6
       Potion            |       |     1 |     4 ||     5
 Stab: Paralysed         |       |     1 |       ||     1
Armor: Ring mail         |     7 |    12 |       ||    19
       Scale mail        |       |     9 |    26 ||    35
       Chain mail        |       |       |    37 ||    37
Dodge: Dodged            |    23 |    51 |    56 ||   130

Table legend: (Time is in decaauts)
 A = Elapsed time spent in this place.
 B = Non-inter-level travel time spent in this place.
 C = Inter-level travel time spent in this place.
 D = Time resting spent in this place.
 E = Time spent auto-exploring this place.
 F = Levels seen in this place.
 G = Mean time per level.
                   A        B        C        D        E       F      G
               +--------+--------+--------+--------+--------+-----+--------+
         Total |   9586 |   9295 |    291 |   4933 |   3025 |   7 | 1369.4 |
       Dungeon |   9586 |   9295 |    291 |   4933 |   3025 |   7 | 1369.4 |
               +--------+--------+--------+--------+--------+-----+--------+

Top non-repeatable levels by time:
     D:3: 2638 daAuts
     D:6: 1805 daAuts
     D:1: 1562 daAuts
     D:2: 1293 daAuts
     D:4: 1291 daAuts
     D:5: 843 daAuts
     D:7: 151 daAuts
